 Dungeon Crawl Stone Soup version 0.22-a0-422-g9628fc87f1 (webtiles) character file.

5 AnimeWaifu the Charmwright (level 1, 0/9 HPs)
             Began as a Felid Skald on May 21, 2018.
             Killed from afar by a dart slug (3 damage)
             ... with a slug dart
             ... on level 1 of the Dungeon.
             The game lasted 00:00:40 (129 turns).

AnimeWaifu the Charmwright (Felid Skald)             Turns: 129, Time: 00:00:40

Health: 0/9        AC:  1    Str:  7    XL:     1   Next: 66%
Magic:  4/4        EV: 18    Int: 14    God:
Gold:   19         SH:  0    Dex: 15    Spells: 3/4 levels left
                                        Lives:  0   Deaths: 0

rFire    . . .     SeeInvis +     - Unarmed
rCold    . . .     Gourm    .   (shield unavailable)
rNeg     . . .     Faith    .   (armour unavailable)
rPois    .         Spirit   .   (helmet unavailable)
rElec    .         Reflect  .   (cloak unavailable)
rCorr    .         Harm     .   (gloves unavailable)
MR       .....                  (boots unavailable)
Stlth    ++........             (no amulet)
HPRegen  0.03/turn              (no ring)
MPRegen  0.09/turn              (no ring)

@: quick
A: very small, no armour, no weapons or thrown items, stealth, claws 1, fangs 3,
see invisible, carnivore, speed 1, shaggy fur 1, slow metabolism 1, sharp paws
a: no special abilities


You were on level 1 of the Dungeon.
You were very full.

You visited 1 branch of the dungeon, and saw 1 of its levels.

You collected 19 gold pieces.

Inventory:

Comestibles
 b - a ration


   Skills:
 + Level 2.1 Fighting
 + Level 3.3 Dodging
 * Level 2.2 Unarmed Combat
 - Level 2.0 Spellcasting
 - Level 3.6 Charms


You had 3 spell levels left.
You knew the following spells:

 Your Spells              Type           Power        Failure   Level  Hunger
a - Infusion              Chrm           ##..         5%          1    ##.....

Your spell library contained the following spells:

 Spells                   Type           Power        Failure   Level  Hunger
 Regeneration             Chrm/Necr      #.........   34%         3    ####...
 Shroud of Golubria       Chrm/Tloc      #.........   17%         2    ###....
 Song of Slaying          Chrm           ##......     9%          2    ###....
 Spectral Weapon          Hex/Chrm       #.......     34%         3    ####...


Dungeon Overview and Level Annotations

Branches:
Dungeon (1/15)

Altars:


Innate Abilities, Weirdness & Mutations

You cannot wear armour.
You are incapable of wielding weapons or throwing items.
Your paws allow you to move quietly. (Stealth)
You have sharp claws.
You have razor-sharp teeth.
You have supernaturally acute eyesight. (SInv)
You are carnivorous and can eat meat at any time.
You cover ground quickly.
You are covered in fur. (AC +1)
You have a slow metabolism.
Your sharp claws are effective at attacking unaware monsters.


Message History

You completely miss the goblin. The goblin hits you with a club.
You closely miss the goblin. Your bite misses the goblin.
The goblin completely misses you.
You closely miss the goblin. The goblin misses you.
You closely miss the goblin. The goblin hits you with a club.
You miss the goblin. The goblin hits you with a club.
* * * LOW HITPOINT WARNING * * *
You scratch the goblin.
You kill the goblin!
There is a staircase leading out of the dungeon here.
Found a scroll labeled GAUPTOR CULINN.
Found an escape hatch in the floor.
A dart slug comes into view.
Found a ration.
You scratch the dart slug. You bite the dart slug.
The dart slug is moderately wounded.
You scratch the dart slug.
The dart slug is heavily wounded.
The dart slug launches a dart at you. The slug dart hits you!
You die...

##.......##...
##.........##.. .
#+...........##. ##.
##.............+.
....######..............##
.#..............<.....w..
....#..##..)...........##
# #...>.+#.............#.
###...@##...........###
#...w.##.........##
#.....###.....^.##
#..?...# ##.....+#
......... #######
.###...%### ...... #######


You could see a dart slug.

Vanquished Creatures
  2 giant cockroaches (D:1)
  A goblin (D:1)
  A hobgoblin (D:1)
4 creatures vanquished.

Notes
Turn   | Place    | Note
-------+----------+-------------------------------------------
     0 | D:1      | AnimeWaifu the Felid Skald began the quest for the Orb.
     0 | D:1      | Reached XP level 1. HP: 9/9 MP: 4/4
   129 | D:1      | Killed from afar by a dart slug

Vault maps used:
D:1:      lemuel_arrival_rhombus

Action                   || total
-------------------------++-------
Melee: Unarmed           ||    12
       Bite              ||     1
 Stab: Sleeping          ||     1
  Eat: Chunk             ||     4
Dodge: Dodged            ||     3

Table legend:
 A = Spawn XP
 B = Non-spawn XP
 C = Spawn XP percentage of total XP
 D = Spawn monster count
 E = Non-spawn monster count
 F = Spawn count percentage of total count
 G = Total turns spent on level
                    A         B        C        D         E        F      G
               +---------+---------+-------+---------+---------+-------+---------
         Total |       0 |       8 |   0.0 |       0 |       4 |   0.0 |   129
               +---------+---------+-------+---------+---------+-------+---------
           D:1 |       0 |       8 |   0.0 |       0 |       4 |   0.0 |   129
               +---------+---------+-------+---------+---------+-------+---------
